 Dungeon Crawl Stone Soup version 0.29.1-2-gbd0b4ee654 (webtiles) character file.

Game seed: 3606227335412770406

3138 KittyFluff the Basher (level 9, 0/84 HPs)
             Began as a Gargoyle Berserker on Oct 28, 2022.
             Was a Priest of Trog.
             Slain by a steam dragon (3 damage)
             ... on level 10 of the Dungeon.
             The game lasted 00:32:42 (8598 turns).

KittyFluff the Basher (Gargoyle Berserker)          Turns: 8598, Time: 00:32:44

Health: 0/84       AC: 15    Str: 22    XL:     9   Next: 92%
Magic:  9/9        EV: 15    Int:  7    God:    Trog [***...]
Gold:   321        SH:  0    Dex: 19    Spells: 8/8 levels left

rFire   . . .      SeeInvis .   K - +4 quarterstaff (chaos)
rCold   + . .      Faith    .   (shield currently unavailable)
rNeg    + . .      Spirit   .   a - +1 robe {rC+}
rPois   ∞          Reflect  .   f - +0 helmet
rElec   +          Harm     .   L - +2 cloak
rCorr   +          Rampage  .   o - +0 pair of gloves
Will    .....                   (no boots)
Stlth   ..........              y - amulet of the acrobat
HPRegen 0.24/turn               u - ring of resist corrosion
MPRegen 0.11/turn               A - +6 ring of dexterity

@: berserking, very quick
A: sickness immunity, AC +6, negative energy resistance 1, electricity
resistance, torment resistance 1, petrification resistance
a: Renounce Religion, Berserk, Trog's Hand


You were on level 10 of the Dungeon.
You worshipped Trog.
Trog was most pleased with you.
You visited 1 branch of the dungeon, and saw 9 of its levels.

You collected 321 gold pieces.

Inventory:

Hand Weapons
 r - a +0 vorpal mace
 v - the +6 dagger "Kosme" {venom, +Blink rPois Dex+4}
   (You took it off a kobold on level 4 of the Dungeon)

   It poisons the flesh of those it strikes.
   Dex:       It affects your dexterity (+4).
   rPois:     It protects you from poison.
   +Blink:    It lets you blink.
 C - a +0 dire flail of holy wrath
 I - a +0 quarterstaff
 J - a +0 sling
 K - a +4 quarterstaff of chaos (weapon)
Missiles
 s - 6 javelins
 x - 12 poisoned darts (quivered)
 E - a throwing net
Armour
 a - a +1 robe of cold resistance (worn)
 d - a +0 leather armour
 f - a +0 helmet (worn)
 o - a +0 pair of gloves (worn)
 L - a +2 cloak (worn)
Magical Staves
 b - a staff of conjuration
Jewellery
 u - a ring of resist corrosion (left hand)
 y - an amulet of the acrobat (around neck)
 A - a +6 ring of dexterity (right hand)
Wands
 k - a wand of paralysis (11)
 F - a wand of flame (11)
 G - a wand of light (3)
Scrolls
 g - 8 scrolls of teleportation {unknown}
 i - a scroll of amnesia {unknown}
 j - a scroll of vulnerability {unknown}
 l - 4 scrolls of noise {unknown}
 m - 2 scrolls of blinking {unknown}
 n - 2 scrolls of immolation {unknown}
 q - 5 scrolls of fog {unknown}
 t - a scroll of fear {unknown}
 B - a scroll of enchant weapon {unknown}
 D - a scroll of enchant armour {unknown}
 H - 2 scrolls of identify
Potions
 c - a potion of degeneration
 e - 2 potions of curing
 h - 2 potions of flight
 p - a potion of resistance
 w - 3 potions of lignification
 z - a potion of attraction {unknown}


   Skills:
 + Level 6.5 Fighting
 + Level 8.7(9.0) Maces & Flails
 * Level 2.8(6.2) Staves
 + Level 6.5 Armour
 + Level 5.4 Dodging
 + Level 3.1 Stealth


You had 8 spell levels left.
You didn't know any spells.
Your spell library was empty.

Dungeon Overview and Level Annotations

Branches:
Dungeon (10/15)
 Temple: D:4-7         Lair: D:8-11         Orc: D:9-12

Altars:
Makhleb
Okawaru
Qazlal
Ru
Trog
Uskayaw

Shops:
D:1 ?

Annotations:
D:9 Amaemon


Innate Abilities, Weirdness & Mutations

You are immune to sickness and miasma.
Your stone body is resilient. (AC +6)
You are immune to poison.
You resist negative energy. (rN+)
You are resistant to electric shocks. (rElec)
You are resistant to unholy torment.
You are immune to petrification.


Message History

You sock the steam dragon!
The steam dragon is poisoned.
The steam dragon is moderately wounded.
You are engulfed in a cloud of scalding steam.
The fungus is engulfed in a cloud of scalding steam.
The fungus begins to die.
The fungus is engulfed in a cloud of scalding steam.
The fungus begins to die.
The steam dragon bites you. The steam dragon claws you.
The steam dragon bites you!
* * * LOW HITPOINT WARNING * * *
The steam dragon misses you.
You sock the steam dragon! You burn the steam dragon.
You kill the steam dragon!
Trog accepts your kill.
The fungus is engulfed in a cloud of scalding steam. x2
The fungus begins to die.
The steam dragon breathes steam at you. The ball of steam hits you!
* * * LOW HITPOINT WARNING * * *
A red film seems to cover your vision as you go berserk!
You feel yourself moving faster!
You feel mighty!
You are engulfed in a cloud of scalding steam.
* * * LOW HITPOINT WARNING * * *
The fungus is engulfed in a cloud of scalding steam.
The steam dragon bites you but does no damage.
The steam dragon claws you but does no damage.
You sock the steam dragon!
The steam dragon is moderately wounded.
You are engulfed in a cloud of scalding steam.
A nearby fungus withers and dies.
The fungus is engulfed in a cloud of scalding steam.
The fungus begins to die.
The steam dragon bites you but does no damage.
The steam dragon barely misses you.
You sock the steam dragon!
The steam dragon is severely wounded.
You are engulfed in a cloud of scalding steam.
* * * LOW HITPOINT WARNING * * *
The fungus is engulfed in a cloud of scalding steam.
The steam dragon closely misses you. The steam dragon claws you.
You die...

#..####.########.##
#~.####'### #.##
#~..#.....# #..#
#P..#.....# ####
#..P#.....###
#..P#.......#
#.§§###.....#
##.§§###.....# #####
#≈~@§P##.....# #...+
#..D.P.##.....###.###
#.P......#.######..#
#.......~#.# ##.##
#~~....~##<# #..#
##PP..PP#..#####.##
##~..###........#
######..######.#
....# #.#


You could see a steam dragon.

Vanquished Creatures
  Pikel (D:5)
  The ghost of nshep25 the Chopper, an amateur MiFi of the Shining One (D:5)
  Prince Ribbit (D:7)
  Sigmund (D:6)
  A shadow (D:10)
  A wyvern (D:10)
  A steam dragon (D:10)
  An acid dragon (D:7)
  A water moccasin (D:3)
  A sky beast (D:7)
  2 ice beasts
  A black bear (D:6)
  3 ogres
  4 lemures (D:5)
  A centaur (D:6)
  A scorpion (D:5)
  An electric eel (D:6)
  2 quasits (D:5)
  Crazy Yiuf (D:7)
  3 hounds
  2 orc priests
  2 iguanas
  2 gnoll boudas
  2 orc wizards
  16 gnolls
  5 adders
  A white imp (D:5)
  An ufetubus (D:7)
  3 worms
  A dart slug (D:3)
  19 orcs
  3 ball pythons
  7 endoplasms
  5 giant cockroaches
  7 goblins
  2 hobgoblins
  2 jackals (D:2)
  4 quokkas
  7 bats
  11 frilled lizards
  9 kobolds
  7 rats (D:1)
147 creatures vanquished.

Vanquished Creatures (others)
  7 fungi (D:10)
  6 plants
13 creatures vanquished.

Grand Total: 160 creatures vanquished

Notes
Turn   | Place    | Note
-------+----------+-------------------------------------------
     0 | D:1      | KittyFluff the Gargoyle Berserker began the quest for the
                  | Orb.
     0 | D:1      | Reached XP level 1. HP: 14/14 MP: 1/1
   376 | D:1      | Reached XP level 2. HP: 2/19 MP: 2/2
  1309 | D:1      | Reached XP level 3. HP: 24/24 MP: 3/3
  1397 | D:1      | Found Zeemuul's Magic Scroll Boutique.
  1510 | D:1      | Reached ** piety under Trog
  2132 | D:2      | Found a faded altar of an unknown god.
  2965 | D:2      | Found a sacrificial altar of Ru.
  3235 | D:3      | Reached XP level 4. HP: 29/29 MP: 4/4
  3240 | D:3      | Found a burning altar of Makhleb.
  3262 | D:3      | Noticed a water moccasin
  3277 | D:3      | Killed a water moccasin
  3278 | D:3      | Reached skill level 4 in Maces & Flails
  3278 | D:3      | Reached skill level 1 in Stealth
  3278 | D:3      | Reached XP level 5. HP: 32/33 MP: 5/5
  3737 | D:3      | Found an iron altar of Okawaru.
  4044 | D:4      | Reached XP level 6. HP: 38/38 MP: 6/6
  4245 | D:4      | Identified the +6 dagger "Kosme" {venom, +Blink rPois
                  | Dex+4}
  4642 | D:5      | Entered Level 5 of the Dungeon
  4642 | D:5      | Found a bloodstained altar of Trog.
  4715 | D:5      | Reached skill level 5 in Maces & Flails
  4791 | D:5      | Noticed nshep25's ghost (amateur MiFi)
  4792 | D:5      | Found a transporter.
  4822 | D:5      | Reached XP level 7. HP: 43/44 MP: 7/7
  4826 | D:5      | Found a transporter.
  4929 | D:5      | Killed nshep25's ghost
  4978 | D:5      | Noticed Pikel
  5031 | D:5      | Reached skill level 6 in Maces & Flails
  5302 | D:5      | Reached XP level 8. HP: 48/48 MP: 8/8
  5606 | D:5      | Killed Pikel
  5607 | D:5      | Reached skill level 5 in Fighting
  5607 | D:5      | Reached skill level 5 in Armour
  6239 | D:6      | Noticed Sigmund
  6289 | D:6      | Reached skill level 7 in Maces & Flails
  6525 | D:6      | Reached XP level 9. HP: 54/54 MP: 9/9
  6562 | D:6      | Noticed a +0 spear
  6562 | D:6      | Noticed a +0 dagger
  6563 | D:6      | Noticed a +0 dagger
  6578 | D:6      | Noticed a +0 short sword
  6580 | D:6      | Noticed a +0 falchion
  6580 | D:6      | Noticed a +0 spear
  6581 | D:6      | Noticed a +0 falchion
  6581 | D:6      | Noticed a +0 short sword
  6583 | D:6      | Found a hide-covered altar of Uskayaw.
  6621 | D:6      | Found a stormy altar of Qazlal.
  6695 | D:6      | Reached *** piety under Trog
  6871 | D:6      | Killed Sigmund
  6872 | D:6      | Reached skill level 5 in Dodging
  7150 | D:6      | Reached skill level 8 in Maces & Flails
  7498 | D:7      | Found a sacrificial altar of Ru.
  7644 | D:7      | Noticed Prince Ribbit
  7668 | D:7      | Killed Prince Ribbit
  7750 | D:7      | Reached skill level 1 in Staves
  8023 | D:7      | Found a runed translucent door.
  8024 | D:7      | Noticed Crazy Yiuf
  8030 | D:7      | Killed Crazy Yiuf
  8115 | D:7      | You fall into a shaft and drop 3 floors!
  8115 | D:10     | Entered Level 10 of the Dungeon
  8139 | D:9      | Noticed Amaemon
  8139 | D:9      | Noticed an orange demon
  8598 | D:10     | HP: 3/84 [steam dragon] (3)]
  8598 | D:10     | Slain by a steam dragon

Illustrated notes

Levels and vault maps discovered:
D:1:      psy_arrival_radial01, layout_loops_ring, serial_shops,
          nicolae_shop_hallway_stairs, grunt_decor_fettered,
          ebering_dispersal_statue_hall, minmay_lizard_king
D:2:      layout_loops_cross, hellmonk_ecumenical_altar_zigzags, basic_altar
D:3:      layout_loops_ring, mainiacjoe_overflow_boulevard, okawaru_gym_becter,
          minmay_between
D:4:      layout_loops_ring
D:5:      layout_loops_ring, mainiacjoe_overflow_catwalk,
          gammafunk_ghost_stat_death, kennysheep_generic_room_2, uniq_pikel
D:6:      layout_rooms, overflow_temple_1_default, nicolae_uskayaw_en_pointe,
          kennysheep_boxes, uniq_sigmund
D:7:      layout_basic, mainiacjoe_overflow_alcove_4, minmay_temple_entry_hall,
          uniq_crazy_yiuf_cottage, uniq_prince_ribbit1
D:9:      layout_roguey, uniq_erolcha, uniq_amaemon
D:10:     kennysheep_steamy, layout_basic, nicolae_elyvilon_temple_path,
          lair_entry_dummy, palyth_stone_intersect, kennysheep_diamond,
          minmay_librarian, uniq_snorg

Skill      XL: |  1  2  3  4  5  6  7  8  9 |
---------------+----------------------------+-----
Dodging        | 2 3 4 5 |  5.4
Fighting       | 4 5 6 |  6.5
Maces & Flails | 4 5 6 7 8 |  8.7
Armour         | 3 4 5 6 |  6.5
Stealth        | 1 2 3 |  3.1
Staves         | 2 |  2.8

Action                   |  1- 3 |  4- 6 |  7- 9 || total
-------------------------+-------+-------+-------++-------
Melee: Mace              |   161 |   128 |   311 ||   600
       Punch             |       |     1 |     2 ||     3
       Quarterstaff      |       |       |    41 ||    41
Invok: Berserk           |     1 |     2 |    11 ||    14
  Use: Scroll            |     3 |     1 |     2 ||     6
 Stab: Sleeping          |     2 |       |       ||     2
       Confused          |       |       |     1 ||     1
Armor: Animal skin       |    72 |       |       ||    72
       Robe              |     5 |    52 |   164 ||   221
Dodge: Dodged            |   112 |    82 |   285 ||   479
